 Dungeon Crawl Stone Soup version 0.29.0-13-gc9e81de378 (webtiles) character file.

Game seed: 4802658087733223305

48987 DoubleLucky the Fighter (level 14, 0/126 HPs)
             Began as a White Draconian Fire Elementalist on Sept 10, 2022.
             Was the Champion of Qazlal.
             Slain by an orc warlord
             ... wielding a +2 war axe of venom
              (29 damage)
             ... on level 1 of the Orcish Mines.
             The game lasted 02:59:35 (31276 turns).

DoubleLucky the Fighter (DrFE)                     Turns: 31276, Time: 02:59:36

Health: 0/126      AC: 22    Str: 12      XL:     14   Next: 14%
Magic:  13/27      EV: 14    Int: 15 (16) God:    Qazlal [******]
Gold:   783        SH: 17    Dex: 15      Spells: 10/32 levels left

rFire   + . .      SeeInvis .   m - +7 demon blade (elec)
rCold   + . .      Faith    .   v - +3 buckler
rNeg    . . .      Spirit   .   (body armour unavailable)
rPois   .          Reflect  .   L - +2 hat {Will+}
rElec   .          Harm     .   S - +2 cloak {Will+}
rCorr   .          Rampage  .   z - +2 pair of gloves "Gootuxto" {Regen+}
Will    ++++.                   C - +2 pair of boots
Stlth   +.........              (no amulet)
HPRegen 1.11/turn               t - ring of willpower
MPRegen 0.20/turn               y - ring of protection from fire

@: lethally poisoned (0 -> -9), protected from physical damage, repel missiles
A: breathe frost, AC +8, unfitting armour, cold resistance 1, cold-blooded
a: Breathe Frost, Renounce Religion, Upheaval, Elemental Force, Disaster Area


You were on level 1 of the Orcish Mines.
You worshipped Qazlal.
Qazlal was exalted by your worship.
You visited 3 branches of the dungeon, and saw 19 of its levels.
You also visited: Bailey and Gauntlet.

You collected 1909 gold pieces.
You spent 1126 gold pieces at shops.

Inventory:

Hand Weapons
 m - a +7 demon blade of electrocution (weapon)
Missiles
 d - a throwing net
Armour
 v - a +3 buckler (worn)
 z - the +2 pair of gloves "Gootuxto" (worn) {Regen+}
   (You bought it in a shop on level 2 of the Orcish Mines)

   Regen:     It increases your rate of health regeneration.
 B - a scarf of resistance
 C - a +2 pair of boots (worn)
 L - a +2 hat of willpower (worn)
 S - a +2 cloak of willpower (worn)
Jewellery
 g - a ring of positive energy
 k - a +6 ring of strength
 n - a ring of flight
 q - a ring of willpower
 t - a ring of willpower (left hand)
 y - a ring of protection from fire (right hand)
 J - an amulet of guardian spirit
Wands
 s - a wand of digging (6)
 E - a wand of flame (16)
 K - a wand of paralysis (11)
 P - a wand of quicksilver (10)
Scrolls
 b - 4 scrolls of teleportation
 j - 3 scrolls of fog
 l - 2 scrolls of summoning
 r - a scroll of immolation
 u - 5 scrolls of fear
 w - a scroll of enchant armour
 A - 4 scrolls of vulnerability
 D - 6 scrolls of amnesia
 H - 5 scrolls of silence
 M - 3 scrolls of poison
 N - a scroll of brand weapon
 O - a scroll of magic mapping
 R - 3 scrolls of blinking
Potions
 a - 4 potions of haste
 c - 4 potions of might
 e - 2 potions of invisibility
 f - 2 potions of lignification
 h - 3 potions of cancellation
 i - 2 potions of ambrosia
 o - 5 potions of heal wounds
 p - 5 potions of brilliance
 x - 10 potions of curing
 F - 4 potions of attraction
 G - 2 potions of mutation {unknown}
 I - a potion of experience {unknown}
 Q - 5 potions of flight {unknown}


   Skills:
 - Level 12.0 Fighting
 - Level 6.0 Long Blades
 - Level 5.0 Dodging
 - Level 1.7 Stealth
 - Level 8.0 Shields
 + Level 9.7 Spellcasting
 + Level 6.1 Conjurations
 - Level 8.0 Hexes
 - Level 6.0 Necromancy
 - Level 5.0 Translocations
 - Level 6.0 Fire Magic
 - Level 10.0 Ice Magic


You had 10 spell levels left.
You knew the following spells:

 Your Spells              Type           Power      Damage    Failure   Level
a - Foxfire               Conj/Fire      100%       2x1d9     1%          1
b - Scorch                Fire           50%        2d7       1%          2
c - Hailstorm             Conj/Ice       31%        3d8       4%          4
d - Inner Flame           Hex/Fire       28%        N/A       1%          3
e - Teleport Other        Tloc           22%        N/A       4%          3
f - Simulacrum            Ice/Necr       15%        N/A       56%         6
g - Conjure Flame         Conj/Fire      25%        6-21      3%          3

Your spell library contained the following spells:

 Spells                   Type           Power      Damage    Failure   Level
 Gell's Gravitas          Tloc           22%        N/A       4%          3
 Lesser Beckoning         Tloc           22%        N/A       4%          3
 Static Discharge         Conj/Air       16%        3-5/arc   5%          2
 Flame Wave               Conj/Fire      25%        2d8       10%         4
 Sticky Flame             Conj/Fire      25%        2d5       10%         4
 Dispel Undead            Necr           25%        3d12      11%         4
 Ice Form                 Ice/Tmut       22%        N/A       16%         4
 Leda's Liquefaction      Hex/Erth       9%         N/A       24%         4
 Corpse Rot               Necr/Pois/Air  13%        N/A       47%         4
 Death Channel            Necr           12%        N/A       85%         6
 Lee's Rapid Deconstruct  Erth           3%         3d6*      98%         5
 Statue Form              Tmut/Erth      4%         N/A       100%        6


Dungeon Overview and Level Annotations

Branches:
Dungeon (13/15)            Temple (0/1) D:6            Lair (4/5) D:9
  Swamp (0/4) Lair:3        Snake (0/4) Lair:2        Slime (0/5) Lair:4
    Orc (2/2) D:10            Elf (0/3) Orc:2        Vaults (0/5) D:13
 Bailey (visited)         Gauntlet (visited)

Altars:
Ashenzari
Cheibriados
Fedhas
Kikubaaqudgha
Makhleb
Nemelex Xobeh
Okawaru
Qazlal
Ru
Sif Muna
Trog
Uskayaw
Xom
The Shining One
Jiyva

Shops:
D:12 [((   Orc:2 *:[(

Annotations:
D:10 3 runed translucent doors, capka3m's ghost, journeyman TrMo
D:11 2 transporters
D:12 exclusion: downstairs
D:13 1 runed translucent door
Lair:1 exclusion: downstairs
Lair:2 exclusion: 2 downstairs


Innate Abilities, Weirdness & Mutations

You can breathe waves of freezing cold which knock back foes.
Your icy white scales are hard. (AC +8)
You cannot fit into any form of body armour.
Your flesh is cold resistant. (rC+)
You are cold-blooded and may be slowed by cold attacks.


Message History

You are more poisoned.
You slice the orc warlord!!
The orc warlord is almost dead.
You feel very sick.
The orc warlord hits you with a +2 war axe of venom!
* * * LOW HITPOINT WARNING * * *
You are more poisoned.
You feel much better.
You feel extremely sick. You block the orc warlord's attack.
The orc warlord blocks your attack.
The orc warlord is severely wounded.
You feel very sick. You block the orc warlord's attack.
Casting: Scorch (safe; 1% risk of failure)
Confirm with . or Enter, or press ? or * to list all spells.
Flames lash the orc warlord.
The orc warlord is almost dead.
The orc warlord's fire resistance burns away.
You feel very sick. You block the orc warlord's attack.
Casting: Scorch (safe; 1% risk of failure)
Confirm with . or Enter, or press ? or * to list all spells.
You conjure some foxfire!
You feel very sick.
The orc warlord hits you with a +2 war axe of venom.
You are more poisoned.
You hit the orc warlord. The orc warlord blocks your attack.
The orc warlord is almost dead.
You feel very sick.
The foxfire hits the orc warlord but does no damage.
The orc warlord is almost dead.
The foxfire hits the orc warlord.
The orc warlord is almost dead.
You block the orc warlord's attack.
You hit the orc warlord but do no damage.
The orc warlord is almost dead.
You feel very sick.
The orc warlord hits you with a +2 war axe of venom!!
You die...

#.......##....^.#
#........#......#
##.......###.......
#.......###........#
##.......#........##
###..............#
#....°..°§....##
#..#.§§§.....#
#...#.§§@○...##
........
##.##.§§.o...#
#......
#.#........#####.....
............#.#.....
................)...
........#.......))$#
.....######......))##
.... ....).[o.># #.
........[.#


You could see an orc warlord (combustible).

Vanquished Creatures
  Rupert (Lair:3)
  Gastronok (Lair:2)
  3 hydras
  4 centaur warriors
  4 two-headed ogres
  3 tengu warriors (D:13)
  Urug (D:13)
  Amaemon (D:8)
  A bog body (Lair:3)
  A wizard (D:13)
  2 orc knights (Orc:1)
  A deep elf zephyrmancer (D:13)
  An oklob plant (D:10)
  4 orc sorcerers
  2 cyclopes
  An ugly thing (D:10)
  5 elephants (Lair:1)
  Maurice (D:12)
  3 black mambas
  An orange demon (D:8)
  4 cane toads
  A kobold demonologist (D:12)
  5 komodo dragons
  A freezing wraith (D:13)
  A tengu conjurer (D:13)
  4 unseen horrors
  2 polar bears
  10 trolls
  19 slime creatures
  2 wraiths
  A vampire (D:13)
  5 yaks
  5 wyverns
  A basilisk (Lair:2)
  2 wargs
  3 swamp worms (Lair:3)
  15 vampire mosquitoes
  A naga (Lair:2)
  13 water moccasins
  4 black bears
  33 orc warriors
  7 ogres
  8 wolves
  4 boggarts (D:13)
  13 centaurs
  A phantom (D:6)
  5 kobold brigands
  6 bullfrogs
  A necrophage (D:4)
  4 scorpions
  A gnoll sergeant (D:11)
  9 wights
  6 killer bees (D:10)
  3 howler monkeys (D:9)
  12 electric eels
  A crimson imp (D:7)
  4 jellies
  28 orc priests
  4 hounds
  3 gnoll boudas
  6 iguanas
  25 orc wizards
  4 hell rats (Lair:1)
  A mummy (D:8)
  7 adders
  16 gnolls
  A shadow imp (D:6)
  A white imp (D:7)
  3 ufetubi
  2 worms
  2 dart slugs
  138 orcs
  5 ball pythons
  4 endoplasms
  3 giant cockroaches
  5 goblins
  9 hobgoblins
  30 kobolds
  3 quokkas
  A bat (D:3)
  3 frilled lizards
  3 hobgoblin zombies (D:8)
  An orc zombie (D:8)
  2 rats
  4 rat zombies (D:11)
  6 bushes
  2 butterflies
  21 foxfires
601 creatures vanquished.

Vanquished Creatures (collateral kills)
  An orc warlord (Orc:2)
  A hydra (Lair:2)
  9 foxfires
11 creatures vanquished.

Vanquished Creatures (others)
  2 demonic plants (Gauntlet)
  1257 foxfires
  12 fungi
  55 plants
1326 creatures vanquished.

Grand Total: 1938 creatures vanquished

Notes
Turn   | Place    | Note
-------+----------+-------------------------------------------
     0 | D:1      | DoubleLucky the Draconian Fire Elementalist began the quest
                  | for the Orb.
     0 | D:1      | Reached XP level 1. HP: 14/14 MP: 3/3
   264 | D:1      | Reached XP level 2. HP: 15/20 MP: 0/5
  1007 | D:2      | Reached XP level 3. HP: 26/26 MP: 2/7
  1731 | D:3      | Learned a level 2 spell: Scorch
  1990 | D:3      | Reached XP level 4. HP: 33/33 MP: 2/8
  2007 | D:3      | Reached skill level 1 in Long Blades
  2397 | D:3      | Found a stormy altar of Qazlal.
  2402 | D:3      | Found a sparkling altar of Nemelex Xobeh.
  2408 | D:3      | Found a hide-covered altar of Uskayaw.
  2430 | D:3      | Became a worshipper of Qazlal Stormbringer
  2696 | D:4      | Found a broken altar of Ashenzari.
  2745 | D:4      | Found a bloodstained altar of Trog.
  2907 | D:4      | Found a glowing golden altar of the Shining One.
  2916 | D:4      | Reached XP level 5. HP: 38/38 MP: 6/9
  2926 | D:4      | Learned a level 3 spell: Conjure Flame
  2930 | D:4      | Learned a level 3 spell: Inner Flame
  3525 | D:4      | Reached XP level 6. HP: 45/45 MP: 4/11
  3735 | D:4      | Noticed a water moccasin
  3750 | D:4      | Killed a water moccasin
  3987 | D:4      | Found a snail-covered altar of Cheibriados.
  4199 | D:5      | Entered Level 5 of the Dungeon
  4349 | D:5      | Reached skill level 5 in Fire Magic
  4354 | D:5      | Your scales start taking on an icy white colour.
  4354 | D:5      | Reached XP level 7. HP: 31/50 MP: 0/13
  4354 | D:5      | Gained mutation: Your flesh is cold resistant. (rC+) [White
                  | Draconian growth]
  4574 | D:5      | Reached * piety under Qazlal
  5142 | D:5      | Found a sacrificial altar of Ru.
  5653 | D:6      | Found a staircase to the Ecumenical Temple.
  5678 | D:6      | Reached skill level 5 in Fire Magic
  5773 | D:6      | Reached XP level 8. HP: 52/57 MP: 0/14
  6053 | D:6      | Reached skill level 5 in Spellcasting
  6200 | D:6      | Reached skill level 1 in Hexes
  6858 | D:6      | Reached ** piety under Qazlal
  7175 | D:7      | Found a flagged portal.
  7228 | Bailey   | Entered a bailey
  7323 | Bailey   | Reached skill level 5 in Hexes
  7505 | Bailey   | Reached XP level 9. HP: 51/62 MP: 3/17
  8196 | D:7      | Reached skill level 5 in Long Blades
  8200 | D:7      | Found an iron altar of Okawaru.
  8416 | D:7      | Found a shimmering altar of Xom.
  8416 | D:7      | Found a burning altar of Makhleb.
  8662 | D:7      | Found an ancient bone altar of Kikubaaqudgha.
  8943 | D:7      | Found a shimmering blue altar of Sif Muna.
  9450 | D:7      | Reached *** piety under Qazlal
 10013 | D:8      | Noticed Amaemon
 10013 | D:8      | Noticed an orange demon
 10073 | D:9      | Reached skill level 1 in Translocations
 10357 | D:9      | Noticed a troll
 10366 | D:9      | Killed a troll
 10481 | D:9      | Identified the +1 leather armour "Munykkeng" {Str+4 SInv}
 10505 | D:9      | Reached XP level 10. HP: 69/69 MP: 6/20
 10621 | D:9      | Found a staircase to the Lair.
 10862 | D:9      | Identified the +4 spear "Ogreslayer" {antimagic, rC+ Dex+2}
 10863 | D:9      | Reached skill level 1 in Fighting
 11030 | D:9      | Reached skill level 2 in Fighting
 11298 | Lair:1   | Entered Level 1 of the Lair of Beasts
 11447 | Lair:1   | Noticed an elephant
 11447 | Lair:1   | Noticed an elephant
 11447 | Lair:1   | Noticed an elephant
 11449 | Lair:1   | Noticed an elephant
 11459 | Lair:1   | Noticed an elephant
 11462 | Lair:1   | Killed an elephant
 11463 | Lair:1   | Reached skill level 5 in Translocations
 11464 | Lair:1   | Reached skill level 3 in Fighting
 11477 | Lair:1   | Killed an elephant
 11478 | Lair:1   | Reached skill level 4 in Fighting
 11485 | Lair:1   | Killed an elephant
 11486 | Lair:1   | Reached skill level 5 in Fighting
 11495 | Lair:1   | Killed an elephant
 11496 | Lair:1   | Reached skill level 6 in Fighting
 11701 | Lair:1   | Learned a level 3 spell: Teleport Other
 11715 | Lair:1   | Noticed a cane toad
 11715 | Lair:1   | Noticed a cane toad
 11735 | Lair:1   | Killed a cane toad
 11736 | Lair:1   | Reached skill level 7 in Fighting
 11737 | Lair:1   | Killed a cane toad
 12048 | Lair:1   | Noticed a black mamba
 12051 | Lair:2   | Noticed a black mamba
 12057 | Lair:2   | Killed a black mamba
 12077 | Lair:2   | Noticed a four-headed hydra
 12082 | Lair:2   | Killed a four-headed hydra
 12165 | Lair:2   | Reached XP level 11. HP: 57/93 MP: 1/21
 12188 | Lair:2   | Reached **** piety under Qazlal
 12673 | Lair:2   | Found a staircase to the Snake Pit.
 12721 | Lair:2   | Noticed Gastronok
 13356 | Lair:1   | Found a blossoming altar of Fedhas.
 13363 | Lair:1   | Noticed a six-headed hydra
 13376 | Lair:1   | Killed a seven-headed hydra
 13377 | Lair:1   | Reached skill level 5 in Dodging
 14111 | Lair:2   | Killed Gastronok
 14112 | Lair:2   | Reached skill level 8 in Fighting
 14523 | Lair:3   | Noticed Rupert
 14809 | Lair:3   | Reached skill level 5 in Shields
 15029 | Lair:3   | Killed Rupert
 15402 | Lair:3   | Reached skill level 9 in Fighting
 15714 | Lair:3   | Noticed a bog body
 15723 | Lair:3   | Killed a bog body
 15866 | Lair:3   | Reached XP level 12. HP: 71/104 MP: 17/23
 15992 | Lair:3   | Found a staircase to the Swamp.
 16138 | Lair:3   | Noticed a seven-headed hydra
 16149 | Lair:3   | Killed a seven-headed hydra
 16698 | Lair:4   | Noticed a four-headed hydra
 16709 | Lair:4   | Killed a five-headed hydra
 16710 | Lair:4   | Reached skill level 10 in Fighting
 17461 | Lair:4   | Found a viscous altar of Jiyva.
 17461 | Lair:4   | Found a staircase to the Slime Pits.
 17744 | D:10     | Entered Level 10 of the Dungeon
 17985 | D:10     | Found a blossoming altar of Fedhas.
 18929 | D:11     | Found a gate leading to a gauntlet.
 18939 | Gauntlet | Entered a Gauntlet
 18939 | Gauntlet | Found a transporter.
 18939 | Gauntlet | Found a transporter.
 18939 | Gauntlet | Found a transporter.
 18939 | Gauntlet | Found a transporter.
 18985 | Gauntlet | Found a transporter.
 18987 | Gauntlet | Noticed a death scarab
 18995 | Gauntlet | Found a transporter.
 18999 | Gauntlet | Found a transporter.
 19003 | Gauntlet | Noticed a dire elephant
 19019 | Gauntlet | Found a transporter.
 19030 | Gauntlet | Found a transporter.
 19047 | Gauntlet | Found a transporter.
 19051 | Gauntlet | Found a transporter.
 19063 | Gauntlet | Found a transporter.
 19406 | D:11     | Found an ancient bone altar of Kikubaaqudgha.
 19971 | D:10     | Noticed a two-headed ogre
 19976 | D:10     | Killed a two-headed ogre
 19977 | D:10     | Reached skill level 11 in Fighting
 20211 | D:10     | Reached skill level 1 in Ice Magic
 20338 | D:10     | Reached ***** piety under Qazlal
 20481 | D:10     | Learned a level 6 spell: Simulacrum
 20560 | D:10     | Noticed capka3m's ghost (journeyman TrMo)
 20561 | D:10     | Found a runed translucent gate.
 20561 | D:10     | Found a runed translucent gate.
 20561 | D:10     | Found a runed translucent gate.
 21596 | D:10     | Found a staircase to the Orcish Mines.
 21977 | D:11     | Found a transporter.
 21980 | D:11     | Found a transporter.
 22154 | D:11     | Reached skill level 5 in Ice Magic
 22390 | D:12     | Noticed a centaur warrior
 22400 | D:12     | Killed a centaur warrior
 22594 | D:12     | Noticed Maurice
 22599 | D:12     | Killed Maurice
 22656 | D:12     | Noticed a centaur warrior
 22667 | D:12     | Killed a centaur warrior
 22864 | D:12     | Found Zauduuw's Distillery.
 22866 | D:12     | Found Zish's Magic Scroll Shoppe.
 22873 | D:12     | Bought a scroll of identify for 24 gold pieces
 22873 | D:12     | Bought a scroll of poison for 48 gold pieces
 22873 | D:12     | Bought a scroll of identify for 24 gold pieces
 22873 | D:12     | Bought a scroll of identify for 24 gold pieces
 22873 | D:12     | Bought a scroll of amnesia for 48 gold pieces
 22873 | D:12     | Bought a scroll of noise for 12 gold pieces
 22873 | D:12     | Bought a scroll of teleportation for 36 gold pieces
 22873 | D:12     | Bought a scroll of vulnerability for 48 gold pieces
 23108 | D:12     | Reached XP level 13. HP: 116/116 MP: 14/25
 23334 | D:12     | Reached skill level 1 in Necromancy
 23465 | D:12     | Found Joyb's Armour Shop.
 23672 | D:12     | Found Weall's Weapon Shop.
 23824 | D:12     | Found Qod Faur's Weapon Boutique.
 23841 | D:12     | Bought 2 potions of might for 120 gold pieces
 23841 | D:12     | Bought a potion of degeneration for 15 gold pieces
 23841 | D:12     | Bought a potion of cancellation for 120 gold pieces
 23841 | D:12     | Bought a potion of invisibility for 120 gold pieces
 23841 | D:12     | Bought a potion of ambrosia for 120 gold pieces
 24222 | D:13     | Noticed Urug
 24312 | D:13     | Killed Urug
 24559 | D:13     | Reached skill level 5 in Necromancy
 25032 | D:13     | Found a gate to the Vaults.
 25379 | D:13     | Reached skill level 10 in Ice Magic
 25513 | D:13     | Found a runed translucent door.
 25514 | D:13     | Noticed a stone giant
 26475 | D:8      | Killed Amaemon
 27260 | D:8      | Found a shimmering altar of Xom.
 27823 | Orc:1    | Entered Level 1 of the Orcish Mines
 27958 | Orc:2    | Entered Level 2 of the Orcish Mines
 27980 | Orc:2    | Reached ****** piety under Qazlal
 28189 | Orc:2    | Found a staircase to the Elven Halls.
 28630 | Orc:2    | Found Tequj's Book Emporium.
 29109 | Orc:2    | Noticed an orc warlord
 29111 | Orc:2    | Reached skill level 12 in Fighting
 29167 | Orc:2    | Killed an orc warlord
 29168 | Orc:2    | Reached skill level 5 in Conjurations
 29609 | Orc:2    | Found Bunilot's General Store.
 29614 | Orc:2    | Bought the +2 pair of gloves "Gootuxto" {Regen+} for 322
                  | gold pieces
 29614 | Orc:2    | Bought a potion of curing for 45 gold pieces
 29694 | Orc:2    | Reached XP level 14. HP: 126/126 MP: 16/27
 30139 | Orc:2    | Found Yrev Sen's Antique Weapon Shop.
 30141 | Orc:2    | Found Emotip's Antique Armour Boutique.
 30260 | Orc:1    | Noticed an orc warlord
 30913 | Orc:2    | Learned a level 4 spell: Hailstorm
 31276 | Orc:1    | Slain by an orc warlord

Illustrated notes

Levels and vault maps discovered:
D:1:      roderic_octagonal_star, layout_basic, glass_columns_a
D:2:      layout_rooms, st_stairs_10
D:3:      layout_basic, grunt_temple_overflow_open, minmay_diced_spiral
D:4:      layout_basic, lemuel_doored_altar, cheibriados_altar_1,
          mainiacjoe_overflow_small_starburst, nicolae_tso_carved_into_rock
D:5:      layout_basic, nicolae_ru_the_path_less_chosen
D:6:      layout_gridville, minmay_temple_entry_slanted
D:7:      layout_basic, grunt_temple_overflow_champion_of_chaos,
          nicolae_overflow_crystal_walls, okawaru_ov_weapons_minmay,
          lemuel_crystal_altar, enter_bailey_6
D:8:      layout_loops_ring, kennysheep_diamond,
          eino_small_chamber_without_monster, minmay_mini_ossuary, uniq_amaemon
D:9:      layout_cave_pools, lair_entry_dummy, grunt_decor_cap,
          grunt_decor_mini_mirrors, amcnicky_mini_rare_corridor_liquid
D:10:     layout_basic, tgw_fedhas, hiddenorc1_lemuel, gammafunk_ghost_spectres
D:11:     gammafunk_wand_slinger, layout_irregular_city, gauntlet_entry_generic,
          columned_hall_lemuel, lemuel_zombie_altar_kikubaaqudgha
D:12:     layout_loops_ring, serial_shops, nicolae_shop_bloodbath_and_beyond,
          nicolae_shop_window_shopping, nicolae_shop_trees,
          nicolae_shop_waterfront, nicolae_shop_trees,
          hangedman_abyss_or_decor_stabs, bh_walls_and_bars, uniq_maurice
D:13:     layout_loops_cross, david_vaults_1, minmay_hidden_floor, uniq_urug
Lair:1:   layout_roguey, basic_altar, chequers_serial_rivers_marsh,
          chequers_serial_rivers_large_a, serial_bayou_shore_a
Lair:2:   layout_layer_cave, guppyfry_snake_entry_garden, lemuel_fruit_fields,
          uniq_gastronok
Lair:3:   cheibrodos_lair_river_kwai, layout_chaotic_city,
          nicolae_swamp_entry_splash_gauntlet, uniq_rupert
Lair:4:   layout_regular_city, dpeg_slime_entry_enclosed, grunt_megastairs_5,
          lemuel_fruit_fields
Orc:1:    layout_diamond_mine, basic_altar, nicolae_orc_tapped_out
Orc:2:    grunt_orc_community_town_hall, layout_diamond_mine,
          grunt_orc_community_big_house_2, grunt_orc_community_big_house_2,
          grunt_orc_community_house_2, grunt_orc_community_house_3,
          grunt_orc_community_house_2, grunt_orc_community_house_1, basic_altar,
          mines2_david

Skill      XL: |  1  2  3  4  5  6  7  8  9 10 11 12 13 14 |
---------------+-------------------------------------------+-----
Conjurations   | 2 3 5 6 |  6.1
Spellcasting   | 3 4 5 7 8 9 |  9.7
Long Blades    | 1 2 3 4 6 |  6.0
Fire Magic     | 4 4 5 6 |  6.0
Hexes          | 5 6 7 8 |  8.0
Translocations | 4 5 |  5.0
Fighting       | 7 9 11 12 | 12.0
Dodging        | 5 |  5.0
Shields        | 6 8 |  8.0
Ice Magic      | 7 10 | 10.0
Necromancy     | 6 |  6.0
Stealth        | |  1.7

Action                   |  1- 3 |  4- 6 |  7- 9 | 10-12 | 13-15 || total
-------------------------+-------+-------+-------+-------+-------++-------
Melee: Short sword       |     8 |       |       |       |       ||     8
       Dagger            |     9 |    36 |    39 |       |       ||    84
       Tailslap          |     1 |     2 |     8 |    53 |    13 ||    77
       Demon blade       |       |     4 |    19 |   206 |   118 ||   347
       Punch             |       |       |     4 |       |       ||     4
 Cast: Foxfire           |    77 |    78 |   173 |   211 |   227 ||   766
       Scorch            |       |    11 |    68 |    90 |    86 ||   255
       Inner Flame       |       |       |    22 |   123 |   185 ||   330
       Conjure Flame     |       |       |     2 |     2 |     4 ||     8
       Teleport Other    |       |       |       |     1 |       ||     1
       Hailstorm         |       |       |       |       |     3 ||     3
 Abil: Breathe Frost     |       |       |     1 |     3 |       ||     4
Evoke: Wand              |       |       |       |     3 |       ||     3
  Use: Scroll            |       |       |    15 |    18 |     5 ||    38
       Potion            |       |       |     1 |     6 |     2 ||     9
Armor: Skin              |     3 |    13 |    43 |    57 |    53 ||   169
Dodge: Dodged            |     9 |    28 |    66 |   105 |    69 ||   277
       Repelled          |       |       |       |     3 |     4 ||     7
Block: Other             |       |       |    11 |    21 |       ||    32
       Buckler           |       |       |       |    75 |   169 ||   244
